 Dungeon Crawl Stone Soup version 0.30-a0-137-gd8773701ce (webtiles) character file.

Game seed: 4775503670756551795

15723 ytrimaz the Severer (level 12, -4/159 HPs)
             Began as a Hill Orc Fighter on Sept 23, 2022.
             Was an Elder of Beogh.
             Slain by an ice devil (19 damage)
             ... in an ice cave.
             The game lasted 00:14:39 (11811 turns).

ytrimaz the Severer (Hill Orc Fighter)             Turns: 11811, Time: 00:14:39

Health: -4/159     AC: 26    Str: 24    XL:     12   Next: 30%
Magic:  19/19      EV:  2    Int:  8    God:    Beogh [****..]
Gold:   912        SH:  4    Dex: 10    Spells: 11/11 levels left

rFire   . . .      SeeInvis .    g - +5 war axe
rCold   . . .      Faith    .    c - +0 buckler
rNeg    . . .      Spirit   .    (body armour currently unavailable)
rPois   +          Reflect  .    (helmet currently unavailable)
rElec   .          Harm     .    (cloak currently unavailable)
rCorr   +          Rampage  .    (gloves currently unavailable)
Will    +....      NoTele   +    (boots currently unavailable)
Stlth   +.........               n - amulet of regeneration
HPRegen 1.16/turn                a - ring of willpower
MPRegen 0.16/turn                A - ring of resist corrosion

@: tree-form
A: stationary, stasis, torment immunity, boosted hp
a: Renounce Religion, Smiting, Recall Orcish Followers


You were in an ice cave.
You worshipped Beogh.
Beogh was greatly pleased with you.
You were a tree.
You visited 3 branches of the dungeon, and saw 14 of its levels.
You also visited: Ice Cave.

You collected 912 gold pieces.


   Skills:
 + Level 9.7 Fighting
 - Level 16.0 Axes
 + Level 12.6 Armour
 - Level 3.2 Shields
 - Level 10.0 Invocations


You had 11 spell levels left.
You didn't know any spells.
Your spell library contained the following spells:

 Spells                   Type           Power      Damage    Failure   Level
 Blink                    Tloc           0%         N/A       65%         2
 Gell's Gravitas          Tloc           0%         N/A       86%         3
 Ignite Poison            Fire/Tmut/Pois 0%         N/A       86%         3
 Lesser Beckoning         Tloc           0%         N/A       86%         3
 Teleport Other           Tloc           0%         N/A       86%         3
 Manifold Assault         Tloc           0%         N/A       99%         4
 Sticky Flame             Conj/Fire      0%         2d3       99%         4

Inventory:

Hand Weapons
 e - a +0 battleaxe
   (You found it on level 2 of the Dungeon)
 g - a +5 war axe (weapon)
   (You found it on level 4 of the Dungeon)
 D - a +1 war axe of freezing
   (You found it on level 10 of the Dungeon)
Missiles
 r - 6 boomerangs
 v - 2 throwing nets
Armour
 c - a +0 buckler (worn)
 i - a +4 scale mail
   (You took it off an orc on level 10 of the Dungeon)
 p - a +1 helmet (melded)
   (You found it on level 9 of the Dungeon)
 y - +0 swamp dragon scales (melded)
   (You took it off Maggie on level 7 of the Dungeon)
 B - a +2 plate armour of fire resistance
   (You took it off an orc warrior on level 9 of the Dungeon)
Jewellery
 a - a ring of willpower (left branch)
   (You found it on level 12 of the Dungeon)
 f - a ring of see invisible
   (You took it off a skeletal warrior on level 12 of the Dungeon)
 j - a ring of positive energy
   (You found it on level 3 of the Dungeon)
 n - an amulet of regeneration (around neck)
   (You found it on level 6 of the Dungeon)
 A - a ring of resist corrosion (right branch)
   (You found it on level 10 of the Dungeon)
Wands
 b - a wand of flame (16)
   (You took it off a centaur on level 8 of the Dungeon)
 d - a wand of roots (12)
   (You found it on level 6 of the Dungeon)
 o - a wand of quicksilver (2) (quivered)
   (You found it on level 4 of the Dungeon)
 u - a wand of paralysis (7)
   (You found it on level 12 of the Dungeon)
 E - a wand of polymorph (1)
   (You found it on level 1 of the Lair of Beasts)
Scrolls
 m - 2 scrolls of butterflies
 s - a scroll of noise
 t - 3 scrolls of teleportation
 z - a scroll of blinking
 C - 2 scrolls of fear
Potions
 k - 2 potions of mutation
 q - a potion of flight {unknown}
 w - 2 potions of heal wounds {unknown}
 x - 3 potions of brilliance {unknown}

Dungeon Overview and Level Annotations

Branches:
Dungeon (12/15) Zot: 26479  Temple (1/1) D:7 Zot: 5760    Lair (1/5) D:9 Zot: 5662
    Orc (0/2) D:10          IceCv (1/1) Zot: 5467

Altars:
Ashenzari
Cheibriados
Dithmenos
Elyvilon
Fedhas
Gozag
Hepliaklqana
Kikubaaqudgha
Makhleb
Nemelex Xobeh
Okawaru
Qazlal
Ru
Sif Muna
Trog
Uskayaw
Vehumet
Wu Jian
Xom
Yredelemnul
Zin
The Shining One
Beogh

Shops:
D:10 (

Annotations:
D:3 1 runed translucent door, Crazy Yiuf

.#.....# .## ...# ..##
..#### .Z. ...#.###
###.. .......####≈≈≈##
.........###≈≈≈#
...........##.#### ###
.......#.........##..)##
......###.#.....♣4Z...[#
.....## ######..##.....#
.##### #...## ...### ##
#...# .### ##... ## ##..
###.


You could see an ice devil and an elephant simulacrum.


Message History

The harpy simulacrum claws you but does no damage.
The harpy simulacrum barely misses you. 😮 HP[+1]
You slice the harpy simulacrum!! Beogh accepts your kill. 😮 HP[+1]
You are too injured to fight recklessly!
You closely miss the ice devil. You block the ice devil's attack.
Unknown command.
You completely miss the ice devil.
The ice devil hits you but does no damage. 😮 HP[+1]
You closely miss the ice devil. 😮 HP[+1] Unknown command.
You hit the ice devil. The ice devil hits you. The ice devil freezes you!!
* * * LOW HITPOINT WARNING * * *
😨 HP[-24]
You take 24 damage, and now have 36/106 hp.
MASSIVE DAMAGE!! (PAUSE)
You slash the ice devil! The ice devil hits you.
* * * LOW HITPOINT WARNING * * *
The ice devil freezes you!
* * * LOW HITPOINT WARNING * * *
😱 HP[-17]
You take 17 damage, and now have 19/106 hp.
Unknown command.
You closely miss the ice devil. The ice devil misses you.
Unknown command.
You feel better.
The ice devil barely misses you. 😨 HP[+13]
You regained 13 hp, and now have 32/106 hp.
Really quaff the potion of lignification?
You turn into a tree.
Your +1 helmet melds into your body.
Your +0 swamp dragon scales melds into your body.
Your roots penetrate the ground.
The ice devil hits you but does no damage. 😨 HP[+17]
You now have 159 max hp (+53).
You regained 17 hp, and now have 49/159 hp.
Unknown command.
You hit the ice devil. 😨 HP[+1] Unknown command.
You hit the ice devil.
The ice devil hits you but does no damage.
You slash the ice devil!
The ice devil hits you but does no damage. 😨 HP[+1] Unknown command.
You barely miss the ice devil.
The ice devil hits you but does no damage. 😨 HP[+1]
You hit the ice devil but do no damage. 😨 HP[+1] Unknown command.
You closely miss the ice devil.
The ice devil hits you but does no damage. 😨 HP[+1] Unknown command.
You hit the ice devil but do no damage.
You block the ice devil's attack. 😨 HP[+1]
You hit the ice devil.
The ice devil hits you but does no damage. 😨 HP[+1] Unknown command.
You closely miss the ice devil.
Unknown command.
You barely miss the ice devil.
You block the ice devil's attack. 😨 HP[+1]
You closely miss the ice devil.
The ice devil barely misses you. 😨 HP[+1] Unknown command.
You closely miss the ice devil. The ice devil hits you!
* * * LOW HITPOINT WARNING * * *
The ice devil freezes you!!
* * * LOW HITPOINT WARNING * * *
😱 HP[-27]
You take 27 damage, and now have 31/159 hp.
You barely miss the ice devil. 😱 HP[+1] Unknown command.
You closely miss the ice devil. The ice devil hits you.
* * * LOW HITPOINT WARNING * * *
The ice devil freezes you!!
* * * LOW HITPOINT WARNING * * *
😱 HP[-26]
You take 26 damage, and now have 6/159 hp.
Unknown command.
You barely miss the ice devil.
The ice devil hits you but does no damage. 😱 HP[+1] Unknown command.
You feel better.
You block the ice devil's attack. 😱 HP[+11]
You regained 11 hp, and now have 18/159 hp.
You feel better. The ice devil hits you!
* * * LOW HITPOINT WARNING * * *
The ice devil freezes you!!
You die...

Skill      XL: |  1  2  3  4  5  6  7  8  9 10 11 12 |
---------------+-------------------------------------+-----
Axes           | 3 4 5 7 8 9 11 14 16 | 16.0
Fighting       | 5 8 9 |  9.7
Armour         | 5 9 11 12 | 12.6
Invocations    | 2 8 10 | 10.0
Shields        | |  3.2

Action                   |  1- 3 |  4- 6 |  7- 9 | 10-12 || total
-------------------------+-------+-------+-------+-------++-------
Melee: War axe           |    75 |   105 |   283 |   438 ||   901
Invok: Convert to Beogh  |       |       |     1 |       ||     1
Evoke: Wand              |       |       |       |     5 ||     5
  Use: Scroll            |     2 |     6 |     5 |     5 ||    18
       Potion            |       |     1 |     9 |    15 ||    25
 Stab: Invisible         |       |       |       |     1 ||     1
Armor: Scale mail        |    42 |    38 |    51 |     2 ||   133
       Skin              |       |       |     7 |    51 ||    58
       Swamp dragon scal |       |       |       |   110 ||   110
Dodge: Dodged            |    53 |    44 |   104 |   118 ||   319
Block: Buckler           |    19 |    15 |    40 |    77 ||   151

Levels and vault maps discovered:
D:1:      tarquinn_simple_flora_water_f, layout_rooms, serial_glass,
          glass_columns_b, glass_columns_a, glass_columns_b, glass_columns_c,
          glass_columns_a, glass_columns_a, feat_on_display,
          minmay_strange_pillars, item_on_display_a, nrook_campfire
D:2:      layout_basic
D:3:      layout_loops_cross, minmay_fractal_squares_gapless_5, uniq_jessica,
          uniq_crazy_yiuf_cottage
D:4:      layout_gridville, minmay_lizard_king
D:5:      layout_basic
D:6:      layout_loops_cross, uniq_prince_ribbit1
D:7:      layout_basic, minitemple, minmay_temple_entry_ruins,
          skrybe_limestone_x, chequers_serial_rivers_marsh, uniq_maggie
D:8:      layout_layer_cave, lemuel_flame_loot_1
D:9:      layout_loops_ring, dpeg_oklobed_lair, minmay_misc_feat_alley,
          lightli_orcish_oven, uniq_gastronok, uniq_pikel
D:10:     layout_basic, nicolae_overflow_hidden_temple, hiddenorc2_lemuel,
          serial_shops, nicolae_shop_competitors_out_of_business
D:11:     layout_rooms, special_room [special_room_orc]
D:12:     layout_loops_ring, nicolae_qazlal_scattered_showers, uniq_erolcha
Temple:   minmay_temple_bridge_d
Lair:1:   layout_cave_pods, portal_ice_cave_entry_pillars_2, lemuel_fruit_fields
IceCv:    ice_cave_small_demon

Notes
Turn   | Place    | Note
-------+----------+-------------------------------------------
     0 | D:1      | ytrimaz the Hill Orc Fighter began the quest for the Orb.
     0 | D:1      | Reached XP level 1. HP: 19/19 MP: 1/1
     0 | D:1      | magus.rc [v1.9.6]
    43 | D:1      | Reached skill level 3 in Axes
   177 | D:1      | Reached XP level 2. HP: 27/27 MP: 2/2
   270 | D:1      | Reached skill level 4 in Axes
   454 | D:1      | Reached XP level 3. HP: 29/33 MP: 3/3
  1033 | D:2      | Reached skill level 5 in Axes
  1084 | D:2      | You add the spells Ignite Poison and Sticky Flame to your
                  | library.
  1531 | D:3      | Reached XP level 4. HP: 40/40 MP: 4/4
  1637 | D:3      | Reached skill level 6 in Axes
  1837 | D:3      | Noticed Jessica
  1844 | D:3      | Killed Jessica
  1845 | D:3      | Reached skill level 7 in Axes
  1845 | D:3      | Reached XP level 5. HP: 41/46 MP: 5/5
  1940 | D:3      | Found a runed translucent door.
  1941 | D:3      | Noticed Crazy Yiuf
  2323 | D:4      | Noticed an ogre
  2329 | D:4      | Killed an ogre
  2330 | D:4      | Reached skill level 8 in Axes
  2330 | D:4      | Reached XP level 6. HP: 52/52 MP: 6/6
  2651 | D:4      | Identified the +9 falchion of Death {freeze, Will+ Stlth+}
  3050 | D:4      | Reached skill level 9 in Axes
  3251 | D:5      | Entered Level 5 of the Dungeon
  3383 | D:5      | Reached XP level 7. HP: 48/58 MP: 7/7
  3389 | D:5      | Reached skill level 10 in Axes
  3412 | D:5      | HP: 13/58 [iguana (6)]
  3886 | D:5      | You pick up a book of Displacement and begin reading...
  3886 | D:5      | You add the spells Lesser Beckoning, Gell's Gravitas and
                  | Teleport Other to your library.
  3984 | D:5      | HP: 11/51 [wight/+0 falchion (8)]
  3989 | D:5      | HP: 2/47 [wight/+0 falchion (10)]
  3995 | D:5      | Reached skill level 11 in Axes
  4041 | D:6      | Reached XP level 8. HP: 50/61 MP: 8/8
  4046 | D:6      | Reached skill level 12 in Axes
  4049 | D:6      | You pick up a book of Spatial Translocations and begin
                  | reading...
  4049 | D:6      | You add the spells Blink and Manifold Assault to your
                  | library.
  4459 | D:6      | Reached skill level 13 in Axes
  4530 | D:6      | Noticed Prince Ribbit
  4553 | D:6      | Killed Prince Ribbit
  4554 | D:6      | Reached skill level 14 in Axes
  4728 | D:7      | Noticed Maggie
  4741 | D:7      | Killed Maggie
  4742 | D:7      | Reached XP level 9. HP: 69/71 MP: 9/9
  4746 | D:7      | Reached skill level 15 in Axes
  4811 | D:7      | Noticed a hornet
  4818 | D:7      | Killed a hornet
  5297 | D:7      | Reached skill level 16 in Axes
  5382 | D:7      | Reached skill level 4 in Fighting
  5593 | D:7      | Found a bloodstained altar of Trog.
  5598 | D:7      | Found a sparkling altar of Nemelex Xobeh.
  5606 | D:7      | Found a staircase to the Ecumenical Temple.
  5624 | D:7      | Reached skill level 4 in Armour
  5638 | Temple   | Entered the Ecumenical Temple
  5928 | D:7      | Reached skill level 5 in Fighting
  6025 | D:7      | Found a shimmering altar of Xom.
  6395 | D:8      | Became a worshipper of Beogh the Brigand
  6470 | D:8      | Reached skill level 5 in Armour
  6827 | D:8      | Reached skill level 2 in Invocations
  6908 | D:8      | Reached XP level 10. HP: 33/81 MP: 10/12
  7040 | D:8      | Reached skill level 3 in Invocations
  7713 | D:9      | Noticed Pikel
  7729 | D:9      | Reached skill level 6 in Armour
  7732 | D:9      | Killed Pikel
  7732 | D:9      | Reached * piety under Beogh
  7733 | D:9      | Reached skill level 4 in Invocations
  7819 | D:9      | Found a staircase to the Lair.
  7838 | D:9      | Noticed Gastronok
  7853 | D:9      | Killed Gastronok
  7854 | D:9      | Reached skill level 7 in Armour
  7854 | D:9      | Reached skill level 6 in Invocations
  7967 | D:9      | Reached skill level 7 in Invocations
  7972 | D:9      | Reached skill level 8 in Armour
  8107 | D:9      | Reached skill level 8 in Invocations
  8125 | D:9      | Reached skill level 9 in Armour
  8125 | D:9      | Reached XP level 11. HP: 57/88 MP: 17/17
  8255 | D:9      | Reached skill level 9 in Invocations
  8682 | D:9      | Reached ** piety under Beogh
  8757 | D:10     | Entered Level 10 of the Dungeon
  8789 | D:10     | Noticed a two-headed ogre
  8802 | D:10     | Killed a two-headed ogre
  8805 | D:10     | Reached skill level 10 in Invocations
  8811 | D:10     | Reached skill level 10 in Armour
  8816 | D:10     | Reached *** piety under Beogh
  8931 | D:10     | Found a shimmering blue altar of Sif Muna.
  8933 | D:10     | Found a hide-covered altar of Uskayaw.
  9116 | D:10     | Identified the +3 glaive "Muily" {flame, Fragile rF+ rN+}
  9171 | D:10     | Found Qiryev's Weapon Shop.
  9238 | D:10     | Found a staircase to the Orcish Mines.
  9660 | D:11     | Noticed a two-headed ogre
  9668 | D:11     | HP: 22/89 [two-headed ogre/+0 giant club (7)]
  9674 | D:11     | Killed a two-headed ogre
  9675 | D:11     | Reached skill level 6 in Fighting
  9677 | D:11     | HP: 20/133 [troll (6)]
  9820 | D:11     | Noticed a boulder beetle
  9863 | D:11     | Reached skill level 11 in Armour
  9865 | D:11     | Found a roughly hewn altar of Beogh.
  9866 | D:11     | Noticed an orc knight
  9891 | D:11     | Killed an orc knight
  9892 | D:11     | Killed a boulder beetle
  9893 | D:11     | Reached skill level 7 in Fighting
  9922 | D:11     | Noticed a cyclops
  9929 | D:11     | Killed a cyclops
 10031 | D:11     | Noticed a manticore
 10041 | D:11     | Killed a manticore
 10042 | D:11     | Reached skill level 8 in Fighting
 10537 | D:12     | Reached XP level 12. HP: 97/103 MP: 19/19
 10575 | D:12     | Reached skill level 12 in Armour
 10624 | D:12     | Found a stormy altar of Qazlal.
 10759 | D:12     | HP: 13/103 [skeletal warrior/+0 flail (19)]
 10764 | D:12     | HP: 11/103 [skeletal warrior/+0 scimitar (7)]
 10915 | Lair:1   | Entered Level 1 of the Lair of Beasts
 10981 | Lair:1   | Reached skill level 9 in Fighting
 11247 | Lair:1   | Found a frozen archway.
 11256 | IceCv    | Entered an ice cave
 11275 | IceCv    | Reached **** piety under Beogh
 11791 | IceCv    | HP: 19/106 [ice devil (17)]
 11806 | IceCv    | HP: 31/159 [ice devil (21)]
 11808 | IceCv    | HP: 6/159 [ice devil (22)]
 11811 | IceCv    | Slain by an ice devil

Vanquished Creatures
  Gastronok (D:9)
  2 two-headed ogres
  A boulder beetle (D:11)
  A skeletal warrior (D:12)
  Pikel (D:9)
  An orc knight (D:11)
  A cyclops (D:11)
  A manticore (D:11)
  2 ice statues (IceCv)
  2 cane toads (Lair:1)
  2 unseen horrors
  Maggie (D:7)
  An ice devil (IceCv)
  5 trolls
  Prince Ribbit (D:6)
  A hornet (D:7)
  A wyvern (D:8)
  A wraith (D:11)
  13 yaks
  A harpy simulacrum (IceCv)
  A hydra simulacrum (IceCv)
  2 acid dragons
  3 ice beasts
  7 orc warriors
  4 ogres
  5 centaurs
  A phantom (D:5)
  4 lemures (D:9)
  A bullfrog (D:9)
  2 scorpions (D:4)
  4 necrophages
  8 wights
  7 killer bees
  2 howler monkeys
  4 hounds
  A jelly (D:6)
  8 orc priests
  3 gnoll boudas
  Jessica (D:3)
  6 iguanas
  8 orc wizards
  2 troll simulacra (IceCv)
  4 spriggan simulacra (IceCv)
  2 polar bear simulacra (IceCv)
  8 adders
  13 gnolls
  A naga simulacrum (IceCv)
  A shadow imp (D:8)
  3 white imps
  An ufetubus (D:7)
  A worm (D:3)
  3 dart slugs
  58 orcs
  12 ball pythons
  3 bats
  6 endoplasms
  4 giant cockroaches
  3 goblins
  3 hobgoblins (D:3)
  10 jackals
  3 quokkas
  13 frilled lizards
  5 kobolds
  A rat (D:3)
282 creatures vanquished.

Vanquished Creatures (collateral kills)
  A skeletal warrior (D:12)
  A troll (D:12)
  A wraith (D:12)
  An acid dragon (D:11)
  An orc warrior (D:10)
  A centaur (D:11)
  An orc (D:11)
7 creatures vanquished.

Vanquished Creatures (others)
  An orc knight (D:12)
  3 orc warriors
  A jelly (D:8)
  2 orc priests
  11 orcs
  5 plants (D:4)
23 creatures vanquished.

Grand Total: 312 creatures vanquished

Table legend:
 A = Non-vault XP
 B = Vault XP
 C = Vault XP percentage of total XP
 D = Non-vault monster count
 E = Vault monster count
 F = Vault count percentage of total count
                 A         B        C        D         E       F
            +---------+---------+-------+---------+---------+-------
      Total |   16125 |    6337 |  28.2 |     206 |      80 |  28.0
            +---------+---------+-------+---------+---------+-------
        D:1 |      35 |       0 |   0.0 |      18 |       0 |   0.0
        D:2 |      29 |       0 |   0.0 |      10 |       0 |   0.0
        D:3 |      82 |      62 |  43.1 |      20 |       8 |  28.6
        D:4 |     319 |      48 |  13.1 |      11 |      12 |  52.2
        D:5 |     494 |       0 |   0.0 |      16 |       0 |   0.0
        D:6 |    1154 |     283 |  19.7 |      18 |       1 |   5.3
        D:7 |    1348 |     365 |  21.3 |      31 |       1 |   3.1
        D:8 |     720 |       0 |   0.0 |      19 |       0 |   0.0
        D:9 |    3073 |    2077 |  40.3 |      31 |       7 |  18.4
       D:10 |    1849 |     775 |  29.5 |      11 |      28 |  71.8
       D:11 |    4060 |     917 |  18.4 |      11 |       7 |  38.9
       D:12 |    2119 |       0 |   0.0 |       8 |       0 |   0.0
     Lair:1 |     843 |       0 |   0.0 |       2 |       0 |   0.0
      IceCv |       0 |    1810 | 100.0 |       0 |      16 | 100.0
            +---------+---------+-------+---------+---------+-------

Illustrated notes

Table legend:
 A = Kills in this place as a percentage of kills in entire the game.
 B = Kills by you in this place as a percentage of kills by you in the entire game.
 C = Kills by friends in this place as a percentage of kills by friends in the entire game.
 D = Other kills in this place as a percentage of other kills in the entire game.
 E = Experience gained in this place as a percentage of experience gained in the entire game.
 F = Experience gained in this place divided by the number of levels of this place that you have seen.
                   A       B       C       D       E      F
               +-------+-------+-------+-------+-------+----------------------
         Total | 100.0 | 100.0 | 100.0 | 100.0 | 100.0 | 1497.5
       Dungeon |  93.7 |  93.5 | 100.0 | 100.0 |  88.2 | 1650.8
          Lair |   0.7 |   0.7 |   0.0 |   0.0 |   3.8 | 843.0
      Ice Cave |   5.6 |   5.8 |   0.0 |   0.0 |   8.1 | 1810.0
               +-------+-------+-------+-------+-------+----------------------

Table legend: (Time is in decaauts)
 A = Elapsed time spent in this place.
 B = Non-inter-level travel time spent in this place.
 C = Inter-level travel time spent in this place.
 D = Time resting spent in this place.
 E = Time spent auto-exploring this place.
 F = Levels seen in this place.
 G = Mean time per level.
                   A        B        C        D        E       F      G
               +--------+--------+--------+--------+--------+-----+--------+
         Total |  11658 |  11208 |    450 |   1021 |   8277 |  15 |  777.2 |
       Dungeon |  10549 |  10106 |    443 |    674 |   7705 |  12 |  879.1 |
        Temple |    239 |    232 |      7 |      0 |    218 |   1 |  239.0 |
          Lair |    337 |    337 |      0 |      0 |    305 |   1 |  337.0 |
      Ice Cave |    531 |    531 |      0 |    347 |     49 |   1 |  531.0 |
               +--------+--------+--------+--------+--------+-----+--------+

Top non-repeatable levels by time:
     D:8: 1335 daAuts
     D:9: 1061 daAuts
     D:6: 1040 daAuts
     D:7: 998 daAuts
     D:4: 960 daAuts
     D:3: 905 daAuts
    D:11: 839 daAuts
    D:10: 783 daAuts
     D:5: 764 daAuts
     D:2: 721 daAuts
     D:1: 704 daAuts
   IceCv: 531 daAuts
    D:12: 436 daAuts
  Lair:1: 337 daAuts
  Temple: 239 daAuts
